 Dungeon Sprint DCSS version 0.22-a0-877-g5c4e1af (webtiles) character file.

111 Brynnhild the Insei (level 4, -15/28 HPs)
             Began as an Octopode Transmuter on July 29, 2018.
             Was an Initiate of Cheibriados.
             Demolished by a two-headed ogre
             ... wielding a +0 giant club
              (17 damage)
             ... in the Dungeon (Sprint IX: "|||||||||||||||||||||||||||||").
             The game lasted 00:01:14 (478 turns).

Brynnhild the Insei (Octopode Transmuter)            Turns: 478, Time: 00:01:16

Health: -15/28     AC:  1    Str: 13    XL:     4   Next: 92%
Magic:  7/8        EV: 14    Int: 19    God:    Cheibriados [......]
Gold:   0          SH:  0    Dex: 14    Spells: 7/8 levels left

rFire    . . .     SeeInvis .     - Unarmed
rCold    . . .     Gourm    .   (no shield)
rNeg     . . .     Faith    .   (helmet restricted)
rPois    .         Spirit   .   (no amulet)
rElec    .         Reflect  .   l - +3 ring of intelligence
rCorr    .         Harm     .   m - +3 ring of strength
MR       .....     NoTele   +   (no ring)
Stlth    ++........             (no ring)
HPRegen  0.09/turn              (no ring)
MPRegen  0.11/turn              (no ring)
                                (no ring)
                                (no ring)

@: appendage, very slightly contaminated, invisible, very slow
A: almost no armour, stealthy swim, amphibious, 8 rings, constrict 8, tentacle
spike 3, camouflage 1, gelatinous body 1
a: End Transformation, Bend Time, Renounce Religion


You were in the Dungeon.
You worshipped Cheibriados.
Cheibriados was noncommittal.
You were not hungry.
One of your tentacles had a temporary spike.
You visited 1 branch

Inventory:

Missiles
 a - 12 arrows
Jewellery
 l - a +3 ring of intelligence (left tentacle)
 m - a +3 ring of strength (right tentacle)
Wands
 k - a wand of iceblast (10)
Scrolls
 h - 3 scrolls of remove curse
 i - 2 scrolls of blinking
 j - 2 scrolls of amnesia
Potions
 d - 5 potions of curing
 e - 2 potions of heal wounds
 f - a potion of haste
 g - 4 potions of magic
Comestibles
 c - a ration


   Skills:
 + Level 1.3 Fighting
 + Level 3.4 Dodging
 * Level 7.9 Unarmed Combat
 - Level 2.9 Spellcasting
 * Level 4.1 Transmutations
 * Level 1.4 Invocations


You had 7 spell levels left.
You knew the following spells:

 Your Spells              Type           Power        Failure   Level  Hunger
a - Beastly Appendage     Tmut           ###...       2%          1    None

Your spell library contained the following spells:

 Spells                   Type           Power        Failure   Level  Hunger
 Spider Form              Tmut/Pois      ##........   21%         3    ###....
 Blade Hands              Tmut           ###.......   58%         5    ######.
 Ice Form                 Ice/Tmut       ##......     54%         4    ####...
 Sticks to Snakes         Tmut           ###.....     4%          2    ##.....


Dungeon Overview and Level Annotations

Branches:
Dungeon (1/1)

Altars:
Cheibriados
Dithmenos
Elyvilon
Fedhas
Gozag
Hepliaklqana
Kikubaaqudgha
Makhleb
Nemelex Xobeh
Okawaru
Qazlal
Ru
Sif Muna
Trog
Uskayaw
Vehumet
Wu Jian
Xom
Yredelemnul
Zin
The Shining One
Beogh
Jiyva
Lugonu


Innate Abilities, Weirdness & Mutations

You cannot wear most types of armour.
You are very stealthy in the water. (Stealth+)
You are amphibious.
You can wear up to eight rings at the same time.
You can use your tentacles to constrict eight enemies at once.
Your skin changes colour to match your surroundings (Stealth+).
Your rubbery body absorbs attacks. (AC +1, EV +1)
One of your tentacles bears a large vicious spike.


Message History

You fade into invisibility!
The crimson imp barely misses you.
You are very lightly contaminated with residual magic.
You bludgeon the crimson imp! You grab the crimson imp.
The crimson imp is severely wounded.
You constrict the crimson imp. The crimson imp misses you.
The two-headed ogre misses you.
The two-headed ogre hits you with a giant spiked club!!
Ouch! That really hurt!
* * * LOW HITPOINT WARNING * * *
The centaur wields an uncursed shortbow.
The centaur shoots an arrow.
The arrow hits the two-headed ogre!
You tentacle-slap the crimson imp.
You kill the crimson imp!
Cheibriados appreciates the change of pace.
Your Transmutations skill increases to level 4!
Your Invocations skill increases to level 1!
The two-headed ogre hits you with a giant club!
Ouch! That really hurt!
You die...

▓.▓
▓|▓
▓)▓
▓[▓
▓[▓
▓[▓
▓.▓
▓(▓
▓@▓
▓O▓
▓c▓
▓O▓
▓a▓
▓h▓
▓.▓
▓+▓


You could see a two-headed ogre, a black bear, an ogre, a centaur and a worker
ant.

Vanquished Creatures
  2 crimson imps (D)
  A worker ant (D)
  An adder (D)
  An adder zombie (D)
  An orc (D)
  2 bats (D)
  3 rats (D)
11 creatures vanquished.

Notes
Turn   | Place    | Note
-------+----------+-------------------------------------------
     0 | D        | Brynnhild the Octopode Transmuter began the quest for the Orb.
     0 | D        | Reached XP level 1. HP: 13/13 MP: 3/3
    14 | D        | Reached skill level 4 in Unarmed Combat
    28 | D        | Noticed a crimson imp
    28 | D        | Noticed a worker ant
    36 | D        | Reached XP level 2. HP: 7/18 MP: 3/5
    39 | D        | Reached skill level 5 in Unarmed Combat
    39 | D        | Reached XP level 3. HP: 12/23 MP: 3/6
    41 | D        | Reached skill level 6 in Unarmed Combat
    43 | D        | Reached skill level 7 in Unarmed Combat
    43 | D        | Reached XP level 4. HP: 15/28 MP: 3/8
    50 | D        | Found a roughly hewn altar of Beogh.
    50 | D        | Found a snail-covered altar of Cheibriados.
    50 | D        | Found a shadowy altar of Dithmenos.
    50 | D        | Found a white marble altar of Elyvilon.
    50 | D        | Found a blossoming altar of Fedhas.
    50 | D        | Found an opulent altar of Gozag.
    51 | D        | Found a hazy altar of Hepliaklqana.
    52 | D        | Found a viscous altar of Jiyva.
    53 | D        | Found an ancient bone altar of Kikubaaqudgha.
    54 | D        | Became a worshipper of Cheibriados the Contemplative
   432 | D        | Found a corrupted altar of Lugonu.
   433 | D        | Found a burning altar of Makhleb.
   434 | D        | Found a sparkling altar of Nemelex Xobeh.
   435 | D        | Found an iron altar of Okawaru.
   436 | D        | Found a stormy altar of Qazlal.
   437 | D        | Found a sacrificial altar of Ru.
   438 | D        | Found a deep blue altar of Sif Muna.
   439 | D        | Found a bloodstained altar of Trog.
   440 | D        | Found a hide-covered altar of Uskayaw.
   441 | D        | Found a radiant altar of Vehumet.
   442 | D        | Found an ornate altar of the Wu Jian Council.
   443 | D        | Found a shimmering altar of Xom.
   444 | D        | Found a basalt altar of Yredelemnul.
   445 | D        | Found a glowing silver altar of Zin.
   446 | D        | Found a glowing golden altar of the Shining One.
   473 | D        | Noticed a centaur
   473 | D        | Noticed a two-headed ogre
   473 | D        | Noticed an ogre
   473 | D        | Noticed a black bear
   478 | D        | Reached skill level 1 in Invocations
   478 | D        | Demolished by a two-headed ogre

Vault maps used:
D:        linesprint

Skill      XL: |  1  2  3  4 |
---------------+-------------+-----
Unarmed Combat | 4 5 7 |  7.9
Transmutations | 3 4 |  4.1
Dodging        | 3 |  3.4
Invocations    | 1 |  1.4
Fighting       | |  1.3
Spellcasting   | |  2.9

Action                   |  1- 3 |  4- 6 || total
-------------------------+-------+-------++-------
Melee: Unarmed           |    19 |     2 ||    21
       Kick              |     9 |       ||     9
       Constrict         |     7 |     1 ||     8
       Tentacles         |     6 |       ||     6
 Cast: Beastly Appendage |     2 |     1 ||     3
  Use: Potion            |     1 |     2 ||     3
 Stab: Sleeping          |     2 |       ||     2
Dodge: Dodged            |     6 |     3 ||     9

Table legend:
 A = Spawn XP
 B = Non-spawn XP
 C = Spawn XP percentage of total XP
 D = Spawn monster count
 E = Non-spawn monster count
 F = Spawn count percentage of total count
 G = Total turns spent on level
                    A         B        C        D         E        F      G
               +---------+---------+-------+---------+---------+-------+---------
         Total |       0 |     159 |   0.0 |       0 |      11 |   0.0 |   478
               +---------+---------+-------+---------+---------+-------+---------
             D |       0 |     159 |   0.0 |       0 |      11 |   0.0 |   478
               +---------+---------+-------+---------+---------+-------+---------
